 Dungeon Sprint DCSS version 0.23.0 (webtiles) character file.

Game seed: 3457010326661133452

50600000 Fang the Conqueror (level 27, 189/249 HPs)
             Began as a Demonspawn Gladiator on Feb 11, 2019.
             Was the Champion of Makhleb.
             Escaped with the Orb!
             The game lasted 00:03:09 (253 turns).

Fang the Conqueror (Demonspawn Gladiator)            Turns: 253, Time: 00:03:09

Health: 189/249    AC: 14    Str: 30    XL:     27
Magic:  54/54      EV: 40    Int: 11    God:    Makhleb [******]
Gold:   0          SH:  0    Dex: 21    Spells: 80/80 levels left

rFire    . . .     SeeInvis .   l - +∞ Axe of Woe
rCold    + . .     Gourm    .   (shield currently unavailable)
rNeg     . . .     Faith    .   b - +0 leather armour
rPois    .         Spirit   .   c - +0 helmet
rElec    .         Reflect  .   (no cloak)
rCorr    .         Harm     .   (no gloves)
MR       ++...     NoTele   +   (boots unavailable)
Stlth    ++++......             (no amulet)
HPRegen  0.51/turn              (no ring)
MPRegen  0.34/turn              (no ring)

@: mighty, agile
A: talons 3, iridescent scales 3, cold resistance 1, demonic guardian 3, passive
freeze, powered by pain 3, freezing cloud immunity
0: Orb of Zot
a: Minor Destruction, Lesser Servant of Makhleb, Major Destruction, Greater
Servant of Makhleb, Renounce Religion


You escaped.
You worshipped Makhleb.
Makhleb was exalted by your worship.
You were not hungry.

You visited 1 branch

Inventory:

Hand Weapons
 a - a +0 war axe
 l - the +∞ Axe of Woe (weapon)
   (You found it in the Dungeon)
Missiles
 d - 3 throwing nets (quivered)
Armour
 b - a +0 leather armour (worn)
 c - a +0 helmet (worn)
Jewellery
 m - a +30 ring of slaying
 n - a +30 ring of slaying
 o - a +30 ring of slaying
 p - a +30 ring of slaying
Scrolls
 k - a scroll of blinking
Potions
 e - a potion of curing
 h - a potion of haste
 i - 2 potions of magic
 j - a potion of berserk rage
Comestibles
 f - a ration


   Skills:
 O Level 27 Fighting
 O Level 27 Axes
 O Level 27 Throwing
 O Level 27 Armour
 O Level 27 Dodging
 O Level 27 Stealth
 O Level 27 Unarmed Combat
 O Level 27 Spellcasting
 O Level 27 Invocations


You had 80 spell levels left.
You didn't know any spells.
Your spell library was empty.

Dungeon Overview and Level Annotations

Branches:
Dungeon (1/1)

Altars:
Makhleb


Innate Abilities, Weirdness & Mutations

You have claws for feet.
You are completely covered in iridescent scales. (AC +6)
Your flesh is cold resistant. (rC+)
A powerful demonic guardian rushes to your aid.
A frigid envelope surrounds you and freezes all who hurt you.
You are powered by pain.
You are immune to freezing clouds.


Message History

You hear a shout!
Your balrug hits the bag of meat with a +2 demon whip of venom!
The bag of meat is engulfed in flames!!
The bag of meat looks as sick as possible!
You hear a shout!
There is a staircase leading out of the dungeon, spattered with blood here.
Items here: ))) === †† You can't go down here!
Your balrug hits the bag of meat with a +2 demon whip of draining!
The bag of meat is engulfed in flames!!
Your balrug drains the bag of meat.
The bag of meat hits you with a +9 war axe!!
The bag of meat hits your balrug with a +9 war axe!!
Your balrug dies!
The bag of meat hits your balrug with a +9 war axe!
The bag of meat hits you with a +9 war axe!!!
The bag of meat is very cold.
The bag of meat is lightly wounded.
The bag of meat hits your balrug with a +9 war axe!!
You hear a shout!
You have escaped!

........))))))))).)%°.......
..#....).))))))))..%........
...#...)))).#%%.)o..#......
......#)))..#.......#.....
...#...)..###)))....###...
.........)...)o###........
.......#.%)o.))2_.........
.....#..).).)#)o)).#......
###..........#_)@o_#......
#...)#)....).#%%)))#.%....
.......#........_.))......
...............###%.%.....
.........O###.......###...
.......))...#.....%.# ..
............#.......#
...#.................
..#.#.#..............


You could see a meat berserker (berserk), 4 bags of meat and a friendly balrug.

Vanquished Creatures
  Dispater (D)
  3 vampire knights (D)
  21 ogres (D)
  6 two-headed ogres (D)
  126 orcs (D)
157 creatures vanquished.

Notes
Turn   | Place    | Note
-------+----------+-------------------------------------------
     0 | D        | Found the +∞ Axe of Woe
     0 | D        | Fang the Demonspawn Gladiator began the quest for the Orb.
     0 | D        | Reached XP level 1. HP: 16/16 MP: 1/1
     4 | D        | Became a worshipper of Makhleb the Destroyer
     5 | D        | Noticed a bag of meat
     7 | D        | Noticed a meat berserker
     9 | D        | Noticed a bag of meat
    12 | D        | Killed a bag of meat
    12 | D        | Gained mutation: You are partially covered in iridescent
                  | scales. (AC +2) [demonic ancestry]
    12 | D        | Reached XP level 2. HP: 43/43 MP: 2/2
    12 | D        | Gained mutation: You sometimes gain a little power by
                  | taking damage. [demonic ancestry]
    12 | D        | Reached XP level 3. HP: 49/49 MP: 3/3
    12 | D        | Reached XP level 4. HP: 56/56 MP: 4/4
    12 | D        | Reached XP level 5. HP: 62/62 MP: 5/5
    12 | D        | Gained mutation: You sometimes gain power by taking damage.
                  | [demonic ancestry]
    12 | D        | Reached XP level 6. HP: 69/69 MP: 6/6
    12 | D        | Gained mutation: A weak demonic guardian rushes to your
                  | aid. [demonic ancestry]
    12 | D        | Reached XP level 7. HP: 75/75 MP: 7/7
    12 | D        | Gained mutation: You are mostly covered in iridescent
                  | scales. (AC +4) [demonic ancestry]
    12 | D        | Reached XP level 8. HP: 82/82 MP: 8/8
    12 | D        | Reached XP level 9. HP: 88/88 MP: 9/9
    12 | D        | Reached XP level 10. HP: 95/95 MP: 10/10
    12 | D        | Gained mutation: You have sharp toenails. [demonic
                  | ancestry]
    12 | D        | Reached XP level 11. HP: 101/101 MP: 11/11
    12 | D        | Noticed a bag of meat
    12 | D        | Noticed a bag of meat
    13 | D        | Killed a meat berserker
    13 | D        | Reached * piety under Makhleb
    13 | D        | Reached XP level 12. HP: 25/116 MP: 12/12
    13 | D        | Gained mutation: You are powered by pain. [demonic
                  | ancestry]
    13 | D        | Reached XP level 13. HP: 27/122 MP: 13/13
    17 | D        | Noticed a bag of meat
    18 | D        | Noticed a meat berserker
    18 | D        | HP: 3/122 [bag of meat/+9 war axe (26)]
    19 | D        | Killed a bag of meat
    19 | D        | Gained mutation: You have razor-sharp toenails. [demonic
                  | ancestry]
    19 | D        | Reached XP level 14. HP: 46/133 MP: 14/14
    19 | D        | Noticed a meat berserker
    20 | D        | Killed a bag of meat
    20 | D        | Killed a bag of meat
    20 | D        | Reached ** piety under Makhleb
    20 | D        | Reached XP level 15. HP: 48/144 MP: 15/15
    22 | D        | Killed a meat berserker
    23 | D        | Killed a meat berserker
    23 | D        | Gained mutation: You are completely covered in iridescent
                  | scales. (AC +6) [demonic ancestry]
    23 | D        | Reached XP level 16. HP: 39/159 MP: 16/16
    24 | D        | Noticed a meat berserker
    25 | D        | Reached *** piety under Makhleb
    27 | D        | Noticed a meat berserker
    28 | D        | Reached XP level 17. HP: 43/169 MP: 17/17
    29 | D        | Killed a meat berserker
    32 | D        | Noticed a meat berserker
    32 | D        | Noticed a large bag of meat
    33 | D        | Killed a meat berserker
    33 | D        | Reached **** piety under Makhleb
    33 | D        | Reached skill level 27 in Fighting
    33 | D        | Gained mutation: Your flesh is cold resistant. (rC+)
                  | [demonic ancestry]
    33 | D        | Reached XP level 18. HP: 119/182 MP: 18/18
    33 | D        | Reached skill level 27 in Throwing
    33 | D        | Reached skill level 27 in Dodging
    34 | D        | Noticed a meat berserker
    34 | D        | Noticed a destroyer
    34 | D        | Noticed a large bag of meat
    36 | D        | Reached skill level 27 in Axes
    36 | D        | Reached ***** piety under Makhleb
    36 | D        | Reached skill level 10 in Armour
    36 | D        | Reached skill level 10 in Unarmed Combat
    36 | D        | Reached skill level 10 in Spellcasting
    36 | D        | Gained mutation: You have claws for feet. [demonic
                  | ancestry]
    36 | D        | Reached XP level 19. HP: 189/189 MP: 18/33
    38 | D        | Killed a meat berserker
    38 | D        | Reached skill level 15 in Stealth
    38 | D        | Reached skill level 15 in Armour
    38 | D        | Reached skill level 15 in Unarmed Combat
    38 | D        | Reached skill level 15 in Spellcasting
    38 | D        | Noticed a meat berserker
    41 | D        | Killed a meat berserker
    41 | D        | Reached XP level 20. HP: 197/197 MP: 18/41
    41 | D        | Reached ****** piety under Makhleb
    42 | D        | Noticed a meat berserker
    43 | D        | Killed a large bag of meat
    43 | D        | Reached skill level 27 in Invocations
    43 | D        | Reached XP level 21. HP: 204/204 MP: 19/46
    44 | D        | Killed a large bag of meat
    45 | D        | Reached XP level 22. HP: 212/212 MP: 19/50
    46 | D        | Reached skill level 27 in Stealth
    46 | D        | Reached skill level 27 in Armour
    46 | D        | Reached skill level 27 in Unarmed Combat
    46 | D        | Reached skill level 27 in Spellcasting
    55 | D        | Noticed a large bag of meat
    56 | D        | Gained mutation: A demonic guardian rushes to your aid.
                  | [demonic ancestry]
    56 | D        | Reached XP level 23. HP: 219/219 MP: 23/54
    57 | D        | Killed a destroyer
    60 | D        | Killed a large bag of meat
    60 | D        | Gained mutation: You are immune to freezing clouds.
                  | [demonic ancestry]
    60 | D        | Reached XP level 24. HP: 227/227 MP: 43/54
    73 | D        | Noticed a destroyer
    76 | D        | Gained mutation: A powerful demonic guardian rushes to your
                  | aid. [demonic ancestry]
    76 | D        | Reached XP level 25. HP: 234/234 MP: 47/54
    79 | D        | Reached XP level 26. HP: 242/242 MP: 48/54
    79 | D        | Noticed a destroyer
    80 | D        | Killed a destroyer
    82 | D        | Gained mutation: A frigid envelope surrounds you and
                  | freezes all who hurt you. [demonic ancestry]
    82 | D        | Reached XP level 27. HP: 249/249 MP: 49/54
    84 | D        | Killed a destroyer
   117 | D        | Noticed a large bag of meat
   127 | D        | Killed a large bag of meat
   127 | D        | Noticed a large bag of meat
   135 | D        | Killed a large bag of meat
   213 | D        | Noticed The Meatlord
   217 | D        | Noticed a large bag of meat
   224 | D        | Killed a large bag of meat
   231 | D        | Killed The Meatlord
   233 | D        | Got the Orb of Zot
   253 | D        | Escaped with the Orb!

Skill      XL: |  1  2  3  4  5  6  7  8  9 10 11 12 13 14 15 16 17 18 19 20 21 22 |
---------------+-------------------------------------------------------------------+-----
Fighting       | 14 18 19 21 24 25 27 | 27.0
Axes           | 13 17 18 19 22 23 26 27 | 27.0
Throwing       | 13 16 18 19 22 23 26 27 | 27.0
Dodging        | 13 17 18 19 22 23 26 27 | 27.0
Armour         | 10 17 21 24 27 | 27.0
Stealth        | 11 19 22 26 27 | 27.0
Unarmed Combat | 10 17 21 24 27 | 27.0
Spellcasting   | 10 17 21 24 27 | 27.0
Invocations    | 14 23 27 | 27.0

Action                   |  1- 3 |  4- 6 |  7- 9 | 10-12 | 13-15 | 16-18 | 19-21 | 22-24 | 25-27 || total
-------------------------+-------+-------+-------+-------+-------+-------+-------+-------+-------++-------
Melee: Executioner's axe |     1 |       |       |     1 |     4 |     5 |     8 |    12 |    67 ||    98
  Use: Potion            |       |       |       |       |       |       |       |       |     1 ||     1
 Stab: Distracted        |       |       |       |       |       |       |       |       |     2 ||     2
Armor: Leather armour    |       |       |       |       |       |       |       |     1 |     1 ||     2
Dodge: Dodged            |       |       |       |       |       |       |       |     1 |    14 ||    15
